 Dungeon Sprint DCSS version 0.19.1-1-g22dce08 (webtiles) character file.

1932 loralnil the Basher (level 8, -2/70 HPs)
             Began as a Demonspawn Fighter on Jan 7, 2017.
             Was a Priest of Qazlal.
             Succumbed to barbed spike wounds
             ... in the Dungeon (Sprint IX: "|||||||||||||||||||||||||||||").
             The game lasted 00:02:09 (432 turns).

loralnil the Basher (Demonspawn Fighter)             Turns: 432, Time: 00:02:10

Health: -2/70      AC: 15    Str: 26    XL:     8   Next: 97%
Magic:  13/15      EV:  9    Int: 10    God:    Qazlal [***...]
Gold:   0          SH: 16    Dex: 13    Spells: 0 memorised, 7 levels left

rFire  . . .     SeeInvis .     p - +2 morningstar (crush)
rCold  . . .     Gourm    .     q - +2 ring mail
rNeg   . . .     Faith    .     c - +0 shield
rPois  .         Spirit   .     o - +0 helmet
rElec  .         Reflect  .     (no cloak)
rCorr  .         Harm     .     (no gloves)
MR     .....     NoTele   +     a - +0 pair of boots
Stlth  +.........               (no amulet)
                                s - +3 ring of strength
                                r - +2 ring of protection

@: mighty, barbed spikes, very slightly contaminated, invisible (expiring)
A: talons 1, icy blue scales 1, rot immunity
a: Upheaval, Elemental Force, Renounce Religion


You were in the Dungeon.
You worshipped Qazlal.
Qazlal was most pleased with you.
You were not hungry.

You visited 1 branch

Inventory:

Hand Weapons
 p - a +2 morningstar of crushing (weapon)
Armour
 a - a +0 pair of boots (worn)
 c - a +0 shield (worn)
 o - a +0 helmet (worn)
 q - a +2 ring mail (worn)
Jewellery
 r - a +2 ring of protection (left hand)
 s - a +3 ring of strength (right hand)
Wands
 n - a wand of iceblast (7/15)
Scrolls
 k - 2 scrolls of blinking
 l - 3 scrolls of remove curse
 m - 2 scrolls of amnesia
Potions
 e - 4 potions of curing
 h - a potion of haste
 i - 4 potions of magic
Comestibles
 f - a bread ration


   Skills:
 + Level 8.8 Fighting
 + Level 10.8 Maces & Flails
 + Level 7.3 Armour
 + Level 9.1 Shields
 * Level 10.5 Invocations


You had 7 spell levels left.
You didn't know any spells.

Dungeon Overview and Level Annotations

Branches:
Dungeon (1/1)

Altars:
Cheibriados
Dithmenos
Elyvilon
Fedhas
Gozag
Hepliaklqana
Kikubaaqudgha
Makhleb
Nemelex Xobeh
Okawaru
Qazlal
Ru
Sif Muna
Trog
Uskayaw
Vehumet
Xom
Yredelemnul
Zin
The Shining One
Beogh
Jiyva
Lugonu


Innate Abilities, Weirdness & Mutations

You have sharp toenails.
You are partially covered in icy blue scales. (AC +2)
You are immune to rotting.


Message History

You puncture the centaur warrior!
You kill the centaur warrior!
Qazlal accepts your kill.
Your Maces & Flails skill increases to level 10!
Your Armour skill increases to level 7!
Your Shields skill increases to level 9!
Your Invocations skill increases to level 10!
You catch the helpless orc completely off-guard!
You puncture the orc!
You kill the orc!
Qazlal accepts your kill.
You can now give life to nearby clouds.
The barbed spikes dig painfully into your body as you move.
* * * LOW HITPOINT WARNING * * *
Things that are here:
a flail; an uncursed shortbow; 8 arrows The barbed spikes dig painfully into your body as you move.
* * * LOW HITPOINT WARNING * * *
You flicker for a moment.
The barbed spikes dig painfully into your body as you move.
You die...

▓.▓
▓(▓
▓.▓
▓.▓
▓'▓
▓(▓
▓(▓
▓(▓
▓@▓
▓.▓
▓.▓
▓+▓


There were no monsters in sight!

Vanquished Creatures
  A centaur warrior (D)
  A cyclops (D)
  A manticore (D)
  A wyvern (D)
  2 big kobolds (D)
  A scorpion (D)
  A wight (D)
  2 worker ants (D)
  A gnoll (D)
  A leopard gecko (D)
  2 orcs (D)
  2 bats (D)
  A bat zombie (D)
  A hobgoblin (D)
  A goblin (D)
  A quokka skeleton (D)
20 creatures vanquished.

Vanquished Creatures (others)
  A troll (D)
  A yak (D)
2 creatures vanquished.

Grand Total: 22 creatures vanquished

Notes
Turn   | Place    | Note
-------+----------+-------------------------------------------
     0 | D        | loralnil the Demonspawn Fighter began the quest for the Orb.
     0 | D        | Reached XP level 1. HP: 18/18 MP: 1/1
    26 | D        | Noticed a scorpion
    26 | D        | Noticed a worker ant
    32 | D        | Gained mutation: You are partially covered in icy blue scales. (AC +2) [demonic ancestry]
    32 | D        | Reached XP level 2. HP: 17/25 MP: 2/2
    38 | D        | Killed a scorpion
    38 | D        | Gained mutation: You have sharp toenails. [demonic ancestry]
    38 | D        | Reached XP level 3. HP: 29/32 MP: 3/3
    42 | D        | Reached skill level 5 in Fighting
    42 | D        | Reached XP level 4. HP: 31/39 MP: 4/4
   172 | D        | Found a roughly hewn altar of Beogh.
   172 | D        | Found a snail-covered altar of Cheibriados.
   172 | D        | Found a shadowy altar of Dithmenos.
   172 | D        | Found a white marble altar of Elyvilon.
   172 | D        | Found a blossoming altar of Fedhas.
   172 | D        | Found an opulent altar of Gozag.
   173 | D        | Found a hazy altar of Hepliaklqana.
   174 | D        | Found a viscous altar of Jiyva.
   175 | D        | Found an ancient bone altar of Kikubaaqudgha.
   176 | D        | Found a corrupted altar of Lugonu.
   177 | D        | Found a burning altar of Makhleb.
   178 | D        | Found a sparkling altar of Nemelex Xobeh.
   179 | D        | Found an iron altar of Okawaru.
   180 | D        | Found a stormy altar of Qazlal.
   181 | D        | Found a sacrificial altar of Ru.
   182 | D        | Found a deep blue altar of Sif Muna.
   183 | D        | Found a bloodstained altar of Trog.
   184 | D        | Found a hide-covered altar of Uskayaw.
   185 | D        | Found a radiant altar of Vehumet.
   186 | D        | Found a shimmering altar of Xom.
   187 | D        | Found a basalt altar of Yredelemnul.
   188 | D        | Became a worshipper of Qazlal Stormbringer
   189 | D        | Found a glowing silver altar of Zin.
   190 | D        | Found a glowing golden altar of the Shining One.
   246 | D        | Noticed a big kobold
   246 | D        | Noticed a wyvern
   246 | D        | Noticed a big kobold
   260 | D        | Killed a big kobold
   260 | D        | Reached skill level 5 in Maces & Flails
   260 | D        | Reached skill level 5 in Armour
   260 | D        | Reached skill level 5 in Shields
   260 | D        | Gained mutation: You are immune to rotting. [demonic ancestry]
   260 | D        | Reached XP level 5. HP: 38/46 MP: 4/7
   264 | D        | Reached * piety under Qazlal
   282 | D        | Killed a wyvern
   282 | D        | Reached XP level 6. HP: 4/53 MP: 7/10
   285 | D        | Reached ** piety under Qazlal
   401 | D        | Noticed a manticore
   401 | D        | Noticed a troll
   401 | D        | Noticed a cyclops
   401 | D        | Noticed a yak
   401 | D        | Noticed a centaur warrior
   407 | D        | Killed a manticore
   407 | D        | Reached XP level 7. HP: 24/61 MP: 10/13
   413 | D        | Killed a troll
   416 | D        | Killed a yak
   417 | D        | Killed a cyclops
   417 | D        | Reached XP level 8. HP: 11/68 MP: 11/15
   428 | D        | Killed a centaur warrior
   428 | D        | Reached skill level 10 in Maces & Flails
   428 | D        | Reached skill level 10 in Invocations
   429 | D        | Reached *** piety under Qazlal
   432 | D        | Succumbed to barbed spike wounds

Skill      XL: |  1  2  3  4  5  6  7  8 |
---------------+-------------------------+-----
Maces & Flails | 2 3 4 5 6 8 9 10 | 10.8
Armour         | 3 4 5 6 7 |  7.3
Shields        | 3 4 5 6 7 8 9 |  9.1
Fighting       | 4 5 6 7 8 |  8.8
Invocations    | 3 6 8 9 10 | 10.5

Action                   |  1- 3 |  4- 6 |  7- 9 || total
-------------------------+-------+-------+-------++-------
Melee: Flail             |    31 |       |       ||    31
       Kick              |     1 |       |       ||     1
       Morningstar       |       |    42 |    15 ||    57
  Use: Potion            |     1 |     2 |     4 ||     7
 Stab: Invisible         |       |       |     2 ||     2
Armor: Scale mail        |    16 |       |       ||    16
       Ring mail         |       |    16 |    11 ||    27
Dodge: Dodged            |     7 |    10 |     7 ||    24
Block: Shield            |    11 |    28 |    13 ||    52
